 Dungeon Crawl Stone Soup version 0.29-a0-824-gd827844252 (webtiles) character file.

Game seed: 7819570057703120569

123 jimonade the Shield-Bearer (level 5, 0/42 HPs)
             Began as a Formicid Fighter on July 11, 2022.
             Slain by an orc wizard
             ... wielding a +0 dagger
              (1 damage)
             ... on level 3 of the Dungeon.
             The game lasted 00:03:46 (2431 turns).

jimonade the Shield-Bearer (Formicid Fighter)       Turns: 2431, Time: 00:03:47

Health: 0/42       AC:  7    Str: 22    XL:     5   Next: 29%
Magic:  8/8        EV:  9    Int:  8    God:
Gold:   112        SH:  0    Dex: 13    Spells: 8/8 levels left

rFire   . . .      SeeInvis +   a - +0 quarterstaff
rCold   . . .      Faith    .   c - +0 buckler
rNeg    . . .      Spirit   .   b - +0 scale mail
rPois   .          Reflect  .   (helmet unavailable)
rElec   .          Harm     .   (no cloak)
rCorr   .          Rampage  .   (no gloves)
Will    .....                   (no boots)
Stlth   ..........              (no amulet)
HPRegen 0.14/turn               (no ring)
MPRegen 0.11/turn               (no ring)

@: confused
A: permanent stasis, dig shafts and tunnels, antennae 3, four strong arms
a: Dig, Shaft Self


You were on level 3 of the Dungeon.
You visited 1 branch of the dungeon, and saw 3 of its levels.

You collected 112 gold pieces.

Inventory:

Hand Weapons
 a - a +0 quarterstaff (weapon)
 p - a +3 short sword of venom
Missiles
 l - 28 stones
 o - 3 boomerangs (quivered)
 r - a throwing net
Armour
 b - a +0 scale mail (worn)
 c - a +0 buckler (worn)
 g - a +0 leather armour
Magical Staves
 n - a staff of cold
Jewellery
 j - a ring of wizardry
Scrolls
 e - a scroll of blinking {unknown}
 h - a scroll of identify {unknown}
 m - a scroll of poison {unknown}
 s - a scroll of fog {unknown}
Potions
 d - a potion of might
 f - 3 potions of curing {unknown}
 i - 3 potions of haste {unknown}
 k - a potion of degeneration {unknown}
 q - a potion of flight {unknown}


   Skills:
 * Level 4.1 Fighting
 + Level 3.0 Staves
 + Level 3.9 Armour
 + Level 0.1 Dodging
 + Level 4.3 Shields
 * Level 2.0 Spellcasting


You had 8 spell levels left.
You didn't know any spells.
Your spell library contained the following spells:

 Spells                   Type           Power      Damage    Failure   Level
 Poisonous Vapours        Pois/Air       0%         N/A       86%         2
 Corpse Rot               Necr/Pois/Air  0%         N/A       100%        4


Dungeon Overview and Level Annotations

Branches:
Dungeon (3/15)

Altars:


Innate Abilities, Weirdness & Mutations

You cannot be hasted, slowed, berserked, paralysed or teleported.
You can dig through walls and to a lower floor.
You have a pair of large antennae on your head. (SInv)
Your four strong arms can wield two-handed weapons with a shield.


Message History

You are too injured to fight recklessly!
You are too injured to fight recklessly!
You hit the orc wizard.
The orc wizard is heavily wounded.
You feel sick. The orc wizard casts a spell at you.
You are confused.
The orc wizard hits you with a +0 dagger.
You bump into the rock wall.
You feel sick. The orc wizard casts a spell at you. The puff of flame hits you.
* * * LOW HITPOINT WARNING * * *
You bump into the rock wall.
You feel sick.
The orc wizard hits you but does no damage.
You miss the orc wizard.
The orc wizard is heavily wounded.
You feel sick.
The orc wizard hits you but does no damage.
You bump into the rock wall.
You feel sick.
The orc wizard hits you but does no damage.
You closely miss the orc wizard.
The orc wizard is heavily wounded.
You feel sick.
The orc wizard points at you and mumbles some strange words.
You are more confused.
You bump into the rock wall.
You feel sick.
You are no longer poisoned.
The orc wizard hits you with a +0 dagger.
* * * LOW HITPOINT WARNING * * *
You bump into the rock wall.
The orc wizard hits you with a +0 dagger.
* * * LOW HITPOINT WARNING * * *
You bump into the rock wall.
The orc wizard points at you and mumbles some strange words.
You are more confused.
You bump into the rock wall.
The orc wizard hits you but does no damage.
You bump into the rock wall.
The orc wizard hits you with a +0 dagger.
You die...

# #.<...##..#
#.#....†##..#
#......)....#######
###.....##.........
#.....###########
#####.####..
#...>......#
#.###.###### #@#
#.# #o# #.# #


roo #.# # ###o##.# # .##.# .. .. .# .# You could see an orc wizard (invisible),
3 orcs and a quokka.

Vanquished Creatures
  Natasha (twice) (D:2)
  2 adders (D:2)
  A dart slug (D:2)
  An orc (D:3)
  11 ball pythons
  3 bats
  4 endoplasms (D:2)
  A giant cockroach (D:2)
  3 hobgoblins (D:2)
  4 jackals (D:2)
  2 quokkas (D:1)
  2 frilled lizards
  4 goblins
  8 kobolds
  5 rats
53 creatures vanquished.

Notes
Turn   | Place    | Note
-------+----------+-------------------------------------------
     0 | D:1      | jimonade the Formicid Fighter began the quest for the Orb.
     0 | D:1      | Reached XP level 1. HP: 18/18 MP: 1/1
   200 | D:1      | Found a faded altar of an unknown god.
   271 | D:1      | Reached skill level 1 in Spellcasting
   271 | D:1      | Reached XP level 2. HP: 23/24 MP: 1/3
   852 | D:2      | Reached XP level 3. HP: 18/29 MP: 4/4
  1455 | D:2      | Noticed Natasha
  1465 | D:2      | Killed Natasha
  1466 | D:2      | Reached XP level 4. HP: 16/37 MP: 6/6
  1847 | D:2      | Noticed Natasha
  1854 | D:2      | Killed Natasha
  1855 | D:2      | Reached XP level 5. HP: 18/42 MP: 7/7
  2428 | D:3      | HP: 1/42 [orc wizard/+0 dagger (3)]
  2431 | D:3      | Slain by an orc wizard

Illustrated notes

Levels and vault maps discovered:
D:1:      dpeg_arrival_solitude, layout_loops_ring, basic_ecumenical_altar
D:2:      layout_basic, nicolae_eternal_life, uniq_natasha
D:3:      layout_loops_ring, mainiacjoe_overflow_concentric_impassable

Skill      XL: |  1  2  3  4  5 |
---------------+----------------+-----
Spellcasting   | 1 2 |  2.0
Fighting       | 4 |  4.1
Staves         | 3 |  3.0
Armour         | |  3.9
Dodging        | |  0.1
Shields        | |  4.3

Action                   |  1- 3 |  4- 6 || total
-------------------------+-------+-------++-------
Melee: Quarterstaff      |   100 |    60 ||   160
Armor: Scale mail        |    36 |    21 ||    57
Dodge: Dodged            |    57 |    23 ||    80
Block: Buckler           |    32 |    11 ||    43

Table legend: (Time is in decaauts)
 A = Elapsed time spent in this place.
 B = Non-inter-level travel time spent in this place.
 C = Inter-level travel time spent in this place.
 D = Time resting spent in this place.
 E = Time spent auto-exploring this place.
 F = Levels seen in this place.
 G = Mean time per level.
                   A        B        C        D        E       F      G
               +--------+--------+--------+--------+--------+-----+--------+
         Total |   2466 |   2389 |     77 |    168 |   1773 |   3 |  822.0 |
       Dungeon |   2466 |   2389 |     77 |    168 |   1773 |   3 |  822.0 |
               +--------+--------+--------+--------+--------+-----+--------+

Top non-repeatable levels by time:
     D:2: 1186 daAuts
     D:1: 971 daAuts
     D:3: 308 daAuts
